 Dungeon Crawl Stone Soup version 0.27-a0-887-gcab673c142 (webtiles) character file.

Game seed: 2012111627287882187

37 polve the Ruffian (level 3, -1/30 HPs)
             Began as a Draconian Transmuter on Apr 3, 2021.
             Was a Follower of Uskayaw.
             Slain by a sky beast (3 damage)
             ... on level 2 of the Dungeon.
             The game lasted 00:01:26 (1888 turns).

polve the Ruffian (Draconian Transmuter)            Turns: 1888, Time: 00:01:26

Health: -1/30      AC:  5    Str: 12    XL:     3   Next: 21%
Magic:  5/6        EV: 16    Int: 14    God:    Uskayaw [*.....]
Gold:   67         SH:  0    Dex: 11    Spells: 5/6 levels left

rFire    . . .     SeeInvis .     - Unarmed
rCold    . . .     Faith    .   (no shield)
rNeg     . . .     Spirit   .   (armour unavailable)
rPois    .         Reflect  .   (helmet currently unavailable)
rElec    .         Harm     .   (no cloak)
rCorr    +         Rampage  .   (no gloves)
Will     .....                  (boots currently unavailable)
Stlth    +.........             (no amulet)
HPRegen  0.10/turn              b - +4 ring of evasion
MPRegen  0.10/turn              f - ring of resist corrosion

@: appendages (expiring)
A: horns 2, talons 2, AC +5, unfitting armour, cold-blooded
a: End Transformation, Renounce Religion, Stomp


You were on level 2 of the Dungeon.
You worshipped Uskayaw.
Uskayaw was noncommittal.
You had temporarily grown beastly horns and talons.
You visited 1 branch of the dungeon, and saw 2 of its levels.

You collected 67 gold pieces.

Inventory:

Jewellery
 b - a +4 ring of evasion (left hand)
 f - a ring of resist corrosion (right hand)
Scrolls
 a - 2 scrolls of identify {unknown}
 c - a scroll of blinking {unknown}
Potions
 d - a potion of haste {unknown}
 e - 2 potions of invisibility {unknown}


   Skills:
 + Level 2.5 Fighting
 - Level 1.7 Dodging
 + Level 3.7 Unarmed Combat
 - Level 2.0 Spellcasting
 - Level 2.0 Transmutations


You had 5 spell levels left.
You knew the following spells:

 Your Spells              Type           Power      Damage    Failure   Level
a - Beastly Appendage     Tmut           14%        N/A       11%         1

Your spell library contained the following spells:

 Spells                   Type           Power      Damage    Failure   Level
 Wereblood                Tmut           7%         N/A       16%         2
 Spider Form              Tmut/Pois      2%         N/A       43%         3
 Ice Form                 Ice/Tmut       4%         N/A       83%         4
 Hydra Form               Tmut           3%         N/A       96%         5


Dungeon Overview and Level Annotations

Branches:
Dungeon (2/15)

Altars:
Uskayaw


Innate Abilities, Weirdness & Mutations

You have temporarily grown beastly horns and talons.
Your plain brown scales are hard. (AC +5)
You cannot fit into any form of body armour.
You are cold-blooded and may be slowed by cold attacks.


Message History

Casting: Beastly Appendage (safe; 11% risk of failure)
Confirm with . or Enter, or press ? or * to list all spells.
You grow a pair of large bovine horns.
Your feet morph into talons.
The sky beast hits you but does no damage.
You can no longer pass through a line of other dancers.
You closely miss the sky beast. Your kick misses the sky beast.
You headbutt the sky beast, but do no damage.
The sky beast is heavily wounded.
The sky beast closely misses you.
Your magical contamination has completely faded away.
You miss the sky beast. You headbutt the sky beast!
Your tail-slap misses the sky beast.
The sky beast is severely wounded.
The sky beast completely misses you.
You hit the sky beast but do no damage.
Your tail-slap misses the sky beast.
The sky beast is severely wounded.
The sky beast hits you but does no damage.
You closely miss the sky beast. Your kick misses the sky beast.
The sky beast is severely wounded.
The sky beast closely misses you.
You barely miss the sky beast. Your kick misses the sky beast.
The sky beast is severely wounded.
The sky beast closely misses you.
You closely miss the sky beast. Your headbutt misses the sky beast.
The sky beast is severely wounded.
You closely miss the sky beast. Your kick misses the sky beast.
Your tail-slap misses the sky beast.
The sky beast is severely wounded.
The sky beast flickers out of sight!
Deactivating autopickup; reactivate with Ctrl-A.
Something hits you but does no damage.
You hit something but do no damage. You headbutt something. Something hits you.
* * * LOW HITPOINT WARNING * * *
Something shocks you.
* * * LOW HITPOINT WARNING * * *
You hit something.
Your transformation is almost over.
Something hits you but does no damage.
You barely miss something. Your kick misses something. Something hits you.
You die...

...........##.#.####
..#####.#####.#.#...
#.....# #...#.##
#.##### #.>..... #.#
#.#.##.# #.#
#.#..... #.#
#.####.# #.#
#....... #@#
######.# #{# #.# #.#
#.# #†# #.#
#≈####### #.#
#.......# #.#
###.....# #.#
#.....# #.# +.....#
#.#


There were no monsters in sight!

Vanquished Creatures
  A worm (D:2)
  4 bats
  6 endoplasms (D:1)
  A giant cockroach (D:2)
  3 goblins (D:1)
  3 hobgoblins (D:1)
  3 jackals (D:2)
  A quokka (D:1)
  2 ball pythons (D:1)
  4 frilled lizards
  A kobold (D:2)
  A rat (D:1)
30 creatures vanquished.

Notes
Turn   | Place    | Note
-------+----------+-------------------------------------------
     0 | D:1      | polve the Draconian Transmuter began the quest for the Orb.
     0 | D:1      | Reached XP level 1. HP: 16/16 MP: 3/3
   320 | D:1      | Reached XP level 2. HP: 24/24 MP: 5/5
   664 | D:1      | Found a faded altar of an unknown god.
   702 | D:1      | Became a worshipper of Uskayaw the Reveller
   702 | D:1      | Reached * piety under Uskayaw
  1421 | D:2      | Reached ** piety under Uskayaw
  1440 | D:2      | Reached XP level 3. HP: 10/30 MP: 6/6
  1852 | D:2      | Noticed a sky beast
  1888 | D:2      | Slain by a sky beast

Illustrated notes

Levels and vault maps discovered:
D:1:      denvon_arrival_planthouse, layout_basic,
          chequers_ecumenical_altar_island
D:2:      layout_basic

Skill      XL: |  1  2 |
---------------+-------+-----
Fighting       | 2 |  2.5
Dodging        | |  1.7
Unarmed Combat | |  3.7
Spellcasting   | |  2.0
Transmutations | |  2.0

Action                   || total
-------------------------++-------
Melee: Unarmed           ||   139
       Tailslap          ||     5
       Headbutt          ||     5
       Kick              ||     4
       Punch             ||     1
 Cast: Beastly Appendage ||     4
Armor: Skin              ||    55
Dodge: Dodged            ||    94

Table legend: (Time is in decaauts)
 A = Elapsed time spent in this place.
 B = Non-inter-level travel time spent in this place.
 C = Inter-level travel time spent in this place.
 D = Time resting spent in this place.
 E = Time spent auto-exploring this place.
 F = Levels seen in this place.
 G = Mean time per level.
                   A        B        C        D        E       F      G
               +--------+--------+--------+--------+--------+-----+--------+
         Total |   1888 |   1863 |     25 |      0 |   1606 |   2 |  944.0 |
       Dungeon |   1888 |   1863 |     25 |      0 |   1606 |   2 |  944.0 |
               +--------+--------+--------+--------+--------+-----+--------+

Top non-repeatable levels by time:
     D:1: 1256 daAuts
     D:2: 632 daAuts
